 Dungeon Crawl Stone Soup version 0.25-a0-631-gc915619fb7 (webtiles) character file.

Game seed: 3550354244298387402, levelgen mode: deterministic

65182 Blackbelt the Fighter (level 14, -5/142 HPs)
             Began as a Deep Dwarf Fighter on Mar 17, 2020.
             Was an Initiate of Gozag.
             Slain by an elephant (7 damage)
             ... on level 6 of the Lair of Beasts on Mar 18, 2020.
             The game lasted 02:19:12 (18197 turns).

Blackbelt the Fighter (Deep Dwarf Fighter)         Turns: 18197, Time: 02:19:13

Health: -5/142     AC: 14    Str: 21    XL:     14   Next: 74%
Magic:  0/0 (4)    EV: 13    Int: 18    God:    Gozag
Gold:   2064       SH:  0    Dex: 16    Spells: 13/13 levels left

rFire    + . .     SeeInvis .   B - +7 war axe (freeze)
rCold    . . .     Gourm    .   (no shield)
rNeg     + + +     Faith    .   b - +1 chain mail of Wizul {rElec rPois rN++ MP-9}
rPois    +         Spirit   .   J - +1 helmet of Grace {Int+3}
rElec    +         Reflect  .   X - scarf {repulsion}
rCorr    .         Harm     .   p - +2 pair of gloves
MR       +++..                  (no boots)
Stlth    ..........             (no amulet)
HPRegen  0.00/turn              Y - ring of Beauty {rPois rF+ Int+4 Dex+2}
MPRegen  0.07/turn              z - ring of protection from magic

@: gold aura, non-regenerating, repel missiles
A: damage resistance, heal wounds, deformed body, negative energy resistance 1,
sense surroundings 2, subdued magic 1, no regeneration
a: Heal Wounds, Potion Petition, Call Merchant, Bribe Branch, Renounce Religion


You were on level 6 of the Lair of Beasts.
You worshipped Gozag.
Gozag was most pleased with you.
You were not hungry.

You visited 4 branches of the dungeon, and saw 19 of its levels.
You also visited: Ossuary, Gauntlet and Volcano.

You collected 4679 gold pieces.
You spent 471 gold pieces at shops.
You paid 2144 gold pieces to Gozag.

Inventory:

Hand Weapons
 d - the +0 shortbow of Usuanyom {freeze, rF+ rC++}
   (You found it on level 6 of the Lair of Beasts)

   It causes projectiles fired from it to freeze those they strike, causing
   extra injury to most foes and up to half again as much damage against
   particularly susceptible opponents.
   They can also slow down cold-blooded creatures.
   It protects you from fire.
   It greatly protects you from cold.
 B - a +7 war axe of freezing (weapon)
 S - a +4 vampiric halberd
 W - a +2 glaive of flaming
Missiles
 k - 18 poisoned darts (quivered)
Armour
 b - the +1 chain mail of Wizul (worn) {rElec rPois rN++ MP-9}
   (You bought it in a shop on level 3 of the Lair of Beasts)

   It insulates you from electricity.
   It protects you from poison.
   It greatly protects you from negative energy.
   It affects your magic capacity (-9).
 c - a +0 kite shield
 p - a +2 pair of gloves (worn)
 G - +0 swamp dragon scales
 J - the +1 helmet of Grace (worn) {Int+3}
   (You found it in a Gauntlet)

   It affects your intelligence (+3).
 V - a +2 plate armour of fire resistance
 X - a scarf of repulsion (worn)
Jewellery
 i - an uncursed ring of see invisible
 w - the ring "Sigeemie" {*Tele rElec rC+ Dex-3}
   (You found it in a Gauntlet)

   [ring of teleportation]

   It may teleport you next to monsters.
   It affects your dexterity (-3).
   It protects you from cold.
   It insulates you from electricity.
 z - a ring of protection from magic (right hand)
 C - an uncursed ring of ice
 E - an uncursed ring of resist corrosion
 I - an uncursed amulet of magic regeneration {unknown}
 P - an uncursed ring of fire
 Y - the ring of Beauty (left hand) {rPois rF+ Int+4 Dex+2}
   (You took it off a minotaur in a Gauntlet)

   [ring of protection from fire]

   It affects your intelligence (+4).
   It affects your dexterity (+2).
   It protects you from fire.
   It protects you from poison.
Wands
 a - a wand of polymorph (7)
 q - a wand of flame (10)
 y - a wand of random effects (18)
 D - a wand of paralysis (2)
Scrolls
 e - 2 scrolls of enchant armour
 g - 3 scrolls of teleportation
 h - a scroll of silence
 j - 14 scrolls of remove curse
 r - 4 scrolls of fog
 u - 5 scrolls of amnesia
 F - 3 scrolls of vulnerability
 H - a scroll of magic mapping
Potions
 l - 3 potions of magic
 m - 5 potions of lignification
 s - 3 potions of mutation
 x - 5 potions of curing
 A - 7 potions of brilliance
 K - 2 potions of cancellation
 Q - 6 potions of stabbing
 T - 2 potions of resistance
Miscellaneous
 Z - a lightning rod (3/4)
Comestibles
 f - 27 rations


   Skills:
 - Level 13.9 Fighting
   Level 6.8 Short Blades
 - Level 12.5(13.2) Axes
 - Level 6.0(9.2) Polearms
 * Level 9.9 Armour
 * Level 8.4 Dodging
 * Level 10.9 Shields
 - Level 6.4 Evocations


You had 13 spell levels left.
You didn't know any spells.
Your spell library contained the following spells:

 Spells                   Type           Power        Failure   Level  Hunger
 Animate Skeleton         Necr           N/A          78%         1    ##.....
 Apportation              Tloc           #.....       78%         1    ##.....
 Corona                   Hex            #......      78%         1    ##.....
 Freeze                   Ice            #...         78%         1    ##.....
 Summon Small Mammal      Summ           #...         78%         1    ##.....
 Ensorcelled Hibernation  Hex/Ice        #.....       89%         2    ###....
 Confusing Touch          Hex            #.......     99%         3    ####...
 Dazzling Flash           Conj/Hex       #.....       99%         3    ####...
 Frozen Ramparts          Ice            #.....       99%         3    ####...
 Ozocubu's Armour         Chrm/Ice       #.......     99%         3    ####...
 Tukima's Dance           Hex            #.......     99%         3    ####...
 Cause Fear               Hex            #.........   100%        4    #####..
 Hailstorm                Conj/Ice       #.......     100%        4    #####..
 Summon Ice Beast         Ice/Summ       #.......     100%        4    #####..
 Silence                  Hex/Air        #.........   100%        5    ######.
 Yara's Violent Unravell  Hex/Tmut       #.........   100%        5    ######.
 Deflect Missiles         Chrm/Air       #.........   100%        6    #######
 Discord                  Hex            #.........   100%        8    #######


Dungeon Overview and Level Annotations

Branches:
Dungeon (10/15)            Temple (1/1) D:6            Lair (6/6) D:10
  Swamp (0/4) Lair:3        Snake (0/4) Lair:4        Slime (0/5) Lair:5
    Orc (2/2) D:9         Ossuary (visited)         Volcano (visited)
Gauntlet (visited)
    Elf: Orc:2

Altars:
Ashenzari
Cheibriados
Dithmenos
Elyvilon
Fedhas
Gozag
Hepliaklqana
Kikubaaqudgha
Makhleb
Nemelex Xobeh
Okawaru
Qazlal
Ru
Sif Muna
Trog
Uskayaw
Vehumet
Wu Jian
Xom
Yredelemnul
Zin
The Shining One
Jiyva

Shops:
D:9 *[*=   Lair:3 *

Portals:
Abyss: D:4

Annotations:
D:4 2 transporters, VincentAMV's ghost, amateur DsFi
D:9 1 runed translucent door, olaf's ghost, journeyman GnCK
D:10 Fannar
Lair:1 3 runed translucent doors, Ynur's ghost, novice DDFi


Innate Abilities, Weirdness & Mutations

You are resistant to damage.
You can heal yourself by infusing magical energy.
You resist negative energy. (rN+)
You passively map the area around you.
You do not regenerate.
Armour fits poorly on your strangely shaped body.
Your spells are a little easier to cast, but a little less powerful.


Message History

The elephant is severely wounded.
The elephant tramples you.
You hold your ground!
The elephant closely misses you.
You hit the elephant. You freeze the elephant.
The elephant is severely wounded.
You hit the elephant. You freeze the elephant.
The elephant is almost dead.
The elephant is no longer distracted by gold.
The elephant tramples you!
* * * LOW HITPOINT WARNING * * *
You hold your ground!
The elephant completely misses you.
Your chain mail of Wizul prevents you from hitting the elephant.
The elephant is almost dead.
You hit the elephant but do no damage. The elephant tramples you!
* * * LOW HITPOINT WARNING * * *
You hold your ground!
The elephant trunk-slaps you but does no damage.
The elephant tramples you!
You die...
Your body crumbles into a pile of gold.

##|.###8.#........
#######.#.#......
##.../##.#........
#.....P#.#.♣...#..
#......#.#♣#♣#.###
*.....##.#..##.###
*#....#..#.P##..##
##Y####.##......#
#@Y$#...#♣.P...###
#...#.###......# #
#..##.##.....#.# #
#..#..#♣.......# #
#..#.##♣......##
#.##.# ♣...P.####
♣....# #♣.......##
#♣8#.#####..P.....#
#♣....'...#♣.....P..


You could see 2 elephants.

Vanquished Creatures
  Rupert (Lair:4)
  A minotaur (Gauntlet)
  7 dire elephants
  Josephine (Lair:6)
  Harold (D:9)
  7 hydras
  A catoblepas (Lair:3)
  Erica (D:9)
  3 two-headed ogres
  An anaconda (Lair:6)
  A lindwurm (Lair:3)
  An obsidian statue (Gauntlet)
  Pikel (D:9)
  An orc knight (D:9)
  2 salamanders (Volcano)
  7 black mambas
  29 elephants
  Joseph (D:8)
  A molten gargoyle (D:9)
  6 spiny frogs
  Maggie (D:6)
  6 komodo dragons
  4 rime drakes
  An ice devil (Gauntlet)
  2 trolls (D:9)
  4 polar bears
  19 blink frogs
  7 hippogriffs
  2 bog bodies (Lair:3)
  7 wraiths
  2 spriggans
  4 wyverns
  3 fire bats (Volcano)
  35 yaks
  3 basilisks
  A hungry ghost (D:8)
  Menkaure (D:6)
  Edmund (D:4)
  2 wargs (Orc:1)
  2 nagas (Lair:4)
  Duvessa (D:4)
  17 water moccasins
  6 porcupines
  A hell hound (Volcano)
  5 ice beasts
  6 orc warriors
  2 phantoms
  2 slaves
  7 ogres
  3 black bears
  2 sky beasts
  4 necrophages (D:9)
  7 centaurs
  10 wolves
  11 crocodiles
  15 bullfrogs
  2 scorpions
  Dowan (D:4)
  An oklob sapling (D:6)
  12 wights
  2 electric eels (Lair:5)
  A centaur zombie (D:5)
  3 crimson imps
  A quasit (D:10)
  A bullfrog zombie (D:7)
  9 orc priests
  10 hounds
  5 human zombies (D:7)
  A bullfrog skeleton (D:5)
  A centaur skeleton (D:8)
  2 human skeletons (D:7)
  2 jellies
  7 hell rats (Lair:5)
  5 iguanas
  10 orc wizards
  8 worker ants
  A centaur simulacrum (D:8)
  A hound zombie (D:6)
  6 mummies
  12 gnolls
  15 adders
  3 shadow imps
  3 white imps
  An ufetubus (D:8)
  An adder zombie (D:9)
  2 worms
  9 dart slugs
  3 leopard geckos
  63 orcs
  5 ball pythons
  10 bats
  3 giant cockroaches
  10 goblins
  A hobgoblin (D:1)
  6 jackals
  3 quokkas
  4 frilled lizards
  6 gnoll skeletons (Ossuary)
  6 gnoll zombies (Ossuary)
  3 goblin skeletons (Ossuary)
  4 goblin zombies (Ossuary)
  4 hobgoblin skeletons (Ossuary)
  5 hobgoblin zombies (Ossuary)
  10 kobolds
  3 kobold skeletons (Ossuary)
  3 kobold zombies (Ossuary)
  5 orc skeletons (Ossuary)
  An orc zombie (Ossuary)
  A quokka skeleton (D:5)
  2 rats
  3 rat skeletons (Ossuary)
  6 rat zombies
  3 demonic plants (Gauntlet)
  4 fungi
  8 plants
603 creatures vanquished.

Vanquished Creatures (others)
  A two-headed ogre (Volcano)
  A wizard (D:8)
  Maurice (D:8)
  2 slaves (D:9)
  A mummy (D:9)
  An orc (D:9)
  A goblin skeleton (Ossuary)
  A goblin zombie (Ossuary)
  A rat zombie (Ossuary)
  4 demonic plants (Gauntlet)
  102 fungi
  49 plants
165 creatures vanquished.

Grand Total: 768 creatures vanquished

Notes
Turn   | Place    | Note
-------+----------+-------------------------------------------
     0 | D:1      | Blackbelt the Deep Dwarf Fighter began the quest for the
                  | Orb.
     0 | D:1      | Reached XP level 1. HP: 20/20 MP: 1/1
   101 | D:1      | Reached skill level 3 in Fighting
   101 | D:1      | Reached XP level 2. HP: 26/28 MP: 2/2
   983 | D:2      | Reached XP level 3. HP: 25/34 MP: 3/3
  1034 | D:2      | Reached XP level 4. HP: 17/42 MP: 4/4
  1615 | D:3      | Reached skill level 5 in Axes
  1749 | D:3      | Reached XP level 5. HP: 6/49 MP: 5/5
  2240 | D:4      | Noticed Dowan
  2253 | D:4      | Noticed Duvessa
  2260 | D:4      | Killed Dowan
  2260 | D:4      | Reached XP level 6. HP: 28/56 MP: 6/6
  2276 | D:4      | Killed Duvessa
  2362 | D:4      | HP: 1/57 [orc priest/nerve-wracking pain (13)]
  2434 | D:4      | Reached XP level 7. HP: 16/63 MP: 7/7
  2504 | D:4      | Noticed Edmund
  2528 | D:4      | Killed Edmund
  2734 | D:4      | Reached skill level 4 in Fighting
  2970 | D:4      | Noticed VincentAMV's ghost (amateur DsFi)
  2982 | D:4      | Found a one-way gate to the infinite horrors of the Abyss.
  2983 | D:4      | Found a transporter.
  3045 | D:4      | Found a transporter.
  3148 | D:5      | Entered Level 5 of the Dungeon
  3168 | D:5      | Reached XP level 8. HP: 30/72 MP: 8/8
  3259 | D:5      | Reached skill level 10 in Axes
  3315 | D:5      | Found a sacrificial altar of Ru.
  3706 | D:6      | Noticed Menkaure
  3759 | D:6      | Noticed Maggie
  3887 | D:6      | Killed Menkaure
  3887 | D:6      | Reached skill level 5 in Fighting
  3915 | D:6      | Found a staircase to the Ecumenical Temple.
  4001 | D:6      | Gained mutation: You passively map the area around you.
                  | [Deep Dwarf growth]
  4001 | D:6      | Reached XP level 9. HP: 31/81 MP: 6/6
  4046 | D:6      | You fall into a shaft and drop 2 floors!
  4076 | D:8      | Found a sand-covered staircase.
  4088 | Ossuary  | Entered an ossuary
  4509 | D:8      | Noticed Maurice
  4539 | D:8      | Killed Maurice
  4618 | D:8      | Reached skill level 6 in Fighting
  4799 | D:8      | Noticed Joseph
  4828 | D:8      | Killed Joseph
  4939 | D:7      | Reached skill level 7 in Fighting
  4940 | D:7      | Reached skill level 5 in Armour
  4991 | D:7      | Reached XP level 10. HP: 34/94 MP: 4/4
  5123 | D:7      | Found an ancient bone altar of Kikubaaqudgha.
  5176 | D:7      | Reached skill level 1 in Evocations
  5323 | D:7      | Reached skill level 5 in Shields
  5520 | Temple   | Entered the Ecumenical Temple
  5568 | Temple   | Became a worshipper of Gozag Ym Sagoz the Greedy
  5648 | D:6      | Found a stormy altar of Qazlal.
  5834 | D:6      | Killed Maggie
  5834 | D:6      | Reached skill level 8 in Fighting
  6784 | D:8      | HP: 3/98 [electric eel/bolt of electricity (9)]
  6793 | D:8      | Found a bloodstained altar of Trog.
  6796 | D:8      | Noticed a wizard
  6802 | D:8      | Killed a wizard
  6833 | D:8      | HP: 1/98 [electric eel/bolt of electricity (8)]
  7028 | D:9      | Found Xib Saat's General Store.
  7081 | D:9      | Noticed Pikel
  7082 | D:9      | Reached skill level 5 in Evocations
  7082 | D:9      | Reached XP level 11. HP: 25/104 MP: 6/6
  7093 | D:9      | Found a shimmering blue altar of Sif Muna.
  7311 | D:9      | Found a runed translucent door.
  7313 | D:9      | Noticed olaf's ghost (journeyman GnCK)
  7355 | D:9      | Found Diacre Nige's Jewellery Emporium.
  7403 | D:9      | Found Tutann's Armour Shoppe.
  7411 | D:9      | Killed Pikel
  7420 | D:9      | Reached skill level 9 in Fighting
  7423 | D:9      | Noticed Erica
  7450 | D:9      | Killed Erica
  7523 | D:9      | Noticed Harold
  7569 | D:9      | Killed Harold
  7648 | D:9      | Found Hezin's General Store.
  7783 | D:9      | Found a staircase to the Orcish Mines.
  7794 | Orc:1    | Entered Level 1 of the Orcish Mines
  7795 | Orc:1    | Noticed a two-headed ogre
  7807 | Orc:1    | Killed a two-headed ogre
  7822 | Orc:1    | Noticed an orc knight
  7905 | D:10     | Entered Level 10 of the Dungeon
  8100 | D:9      | Killed an orc knight
  8100 | D:9      | Reached skill level 10 in Fighting
  8201 | Orc:2    | Entered Level 2 of the Orcish Mines
  8213 | Orc:2    | Noticed an orc warlord
  8510 | D:10     | Noticed Fannar
  8661 | D:10     | Found a staircase to the Lair.
  8669 | Lair:1   | Entered Level 1 of the Lair of Beasts
  8840 | Lair:1   | Reached XP level 12. HP: 43/117 MP: 4/6
  8881 | Lair:1   | Found a runed translucent gate.
  8882 | Lair:1   | Found a runed translucent gate.
  8882 | Lair:1   | Found a runed translucent gate.
  8882 | Lair:1   | Noticed Ynur's ghost (novice DDFi)
  9189 | Lair:1   | Noticed a four-headed hydra
  9197 | Lair:1   | Killed a four-headed hydra
  9384 | Lair:1   | Got a scorched dagger
  9385 | Lair:1   | Identified the +9 dagger "Kubuibila" {vamp, Str+4} (You
                  | found it on level 1 of the Lair of Beasts)
  9669 | Lair:1   | Reached skill level 10 in Shields
  9867 | Lair:2   | Reached skill level 1 in Short Blades
 10122 | Lair:2   | Reached skill level 5 in Short Blades
 10641 | Lair:2   | Reached skill level 1 in Dodging
 10703 | Lair:2   | Noticed a dire elephant
 10712 | Lair:2   | Killed a dire elephant
 10712 | Lair:2   | Reached skill level 11 in Fighting
 10718 | Lair:2   | Reached XP level 13. HP: 78/127 MP: 6/6
 11133 | Lair:3   | Found a staircase to the Swamp.
 11212 | Lair:3   | Found a dark tunnel.
 11221 | Volcano  | Entered a volcano
 11657 | Lair:3   | Reached skill level 5 in Dodging
 11801 | Lair:3   | Bought a smoking chain mail for 218 gold pieces
 11811 | Lair:3   | Identified the +1 chain mail of Wizul {rElec rPois rN++
                  | MP-9} (You bought it in a shop on level 3 of the Lair of
                  | Beasts)
 11813 | Lair:3   | Bought a scroll of teleportation for 69 gold pieces
 11813 | Lair:3   | Bought a scroll labeled BUEHESCH DUQUIM for 23 gold pieces
 11816 | Lair:3   | Bought a scroll of identify for 46 gold pieces
 12003 | Lair:3   | Got a translucent trident
 12004 | Lair:3   | Identified the cursed +3 trident of Desperation {venom,
                  | MP+9 Str-2 Int+4} (You found it on level 3 of the Lair of
                  | Beasts)
 12665 | Lair:3   | Bought a potion of heal wounds for 115 gold pieces
 12787 | Lair:3   | Reached skill level 12 in Fighting
 12813 | Lair:4   | Noticed Rupert
 13343 | Lair:4   | Killed Rupert
 13509 | Lair:4   | Found a staircase to the Snake Pit.
 14038 | Lair:5   | Reached skill level 13 in Fighting
 14104 | Lair:5   | Found a gate leading to a gauntlet.
 14114 | Gauntlet | Entered a Gauntlet
 14114 | Gauntlet | Found a large runed translucent door.
 14114 | Gauntlet | Found a large runed translucent door.
 14114 | Gauntlet | Found a large runed translucent door.
 14114 | Gauntlet | Found a large runed translucent door.
 14114 | Gauntlet | Found a large runed translucent door.
 14114 | Gauntlet | Found a large runed translucent door.
 14114 | Gauntlet | Found a large runed translucent door.
 14114 | Gauntlet | Found a large runed translucent door.
 14114 | Gauntlet | Found a runed translucent door.
 14114 | Gauntlet | Found a runed translucent gate.
 14114 | Gauntlet | Found a transporter.
 14114 | Gauntlet | Found a transporter.
 14114 | Gauntlet | Found a runed translucent gate.
 14114 | Gauntlet | Found a transporter.
 14233 | Gauntlet | Found a runed translucent door.
 14233 | Gauntlet | Found a runed translucent gate.
 14238 | Gauntlet | Found a transporter.
 14241 | Gauntlet | Found a transporter.
 14243 | Gauntlet | Found a transporter.
 14254 | Gauntlet | Found a transporter.
 14258 | Gauntlet | Found a transporter.
 14271 | Gauntlet | Found a transporter.
 14271 | Gauntlet | Found a transporter.
 14273 | Gauntlet | Found a transporter.
 14365 | Gauntlet | Found a large runed translucent door.
 14365 | Gauntlet | Found a large runed translucent door.
 14365 | Gauntlet | Found a large runed translucent door.
 14365 | Gauntlet | Found a large runed translucent door.
 14366 | Gauntlet | Found a large runed translucent door.
 14366 | Gauntlet | Found a large runed translucent door.
 14367 | Gauntlet | Found a large runed translucent door.
 14367 | Gauntlet | Found a large runed translucent door.
 14408 | Gauntlet | Noticed a dire elephant
 14411 | Gauntlet | Found a transporter.
 14440 | Gauntlet | Noticed a shadow dragon
 14440 | Gauntlet | Noticed a frost giant
 14440 | Gauntlet | a shadow dragon changed into a frost giant
 14442 | Gauntlet | Noticed a fire giant
 14442 | Gauntlet | a frost giant changed into a fire giant
 14452 | Gauntlet | Noticed a frost giant
 14452 | Gauntlet | a fire giant changed into a frost giant
 14531 | Gauntlet | Noticed a caustic shrike
 14532 | Gauntlet | Got a shimmering helmet
 14536 | Gauntlet | Noticed a golden dragon
 14536 | Gauntlet | a caustic shrike changed into a golden dragon
 14537 | Gauntlet | Noticed a sphinx
 14537 | Gauntlet | a golden dragon changed into a sphinx
 14542 | Gauntlet | Noticed an azure jelly
 14542 | Gauntlet | a sphinx changed into an azure jelly
 14543 | Gauntlet | Identified the +1 helmet of Grace {Int+3} (You found it in
                  | a Gauntlet)
 14549 | Gauntlet | Noticed a fire giant
 14549 | Gauntlet | an azure jelly changed into a fire giant
 14550 | Gauntlet | a fire giant changed into an alligator snapping turtle
 14554 | Gauntlet | Gained mutation: Your spells are a little easier to cast,
                  | but a little less powerful. [a shining eye]
 14555 | Gauntlet | Noticed a shadow dragon
 14555 | Gauntlet | an alligator snapping turtle changed into a shadow dragon
 14556 | Gauntlet | Noticed an iron giant
 14556 | Gauntlet | a shadow dragon changed into an iron giant
 14556 | Gauntlet | Gained mutation: Armour fits poorly on your strangely
                  | shaped body. [a shining eye]
 14563 | Gauntlet | Got a bound jade ring
 14564 | Gauntlet | Noticed an acid blob
 14564 | Gauntlet | an iron giant changed into an acid blob
 14567 | Gauntlet | Noticed a golden dragon
 14567 | Gauntlet | an acid blob changed into a golden dragon
 14572 | Gauntlet | Identified the ring "Sigeemie" {*Tele rElec rC+ Dex-3} (You
                  | found it in a Gauntlet)
 14573 | Gauntlet | Noticed a caustic shrike
 14573 | Gauntlet | a golden dragon changed into a caustic shrike
 14630 | Gauntlet | Identified the ring of Beauty {rPois rF+ Int+4 Dex+2}
 14630 | Gauntlet | Noticed a minotaur
 14645 | Gauntlet | Killed a minotaur
 14662 | Gauntlet | Got a warped scimitar
 15038 | Lair:5   | Found a viscous altar of Jiyva.
 15039 | Lair:5   | Found a staircase to the Slime Pits.
 15228 | Lair:5   | Gained mutation: You resist negative energy. (rN+) [Deep
                  | Dwarf growth]
 15228 | Lair:5   | Reached XP level 14. HP: 68/141 MP: 0/5
 15559 | Lair:6   | Entered Level 6 of the Lair of Beasts
 15602 | Lair:5   | Upgraded the game from 0.25-a0-614-g73ad250637 to
                  | 0.25-a0-631-gc915619fb7
 16032 | Lair:6   | Reached skill level 1 in Polearms
 16553 | Lair:6   | Noticed Josephine
 16843 | Lair:6   | Killed Josephine
 16843 | Lair:6   | Reached skill level 5 in Polearms
 17905 | Lair:6   | HP: 5/142 [dire elephant (26)]
 17978 | Lair:6   | HP: 3/142 [dire elephant (22)]
 18093 | Lair:6   | Got a shimmering shortbow
 18094 | Lair:6   | Identified the +1 scimitar "Cechig" {vorpal, *Noise MR+
                  | Int+2 Stlth+} (You found it in a Gauntlet)
 18105 | Lair:6   | Identified the cursed +0 shortbow of Usuanyom {freeze, rF+
                  | rC++} (You found it on level 6 of the Lair of Beasts)
 18197 | Lair:6   | HP: 2/142 [elephant (6)]
 18197 | Lair:6   | Slain by an elephant

Levels and vault maps discovered:
D:1:      saegor_arrival_simple_b, layout_basic, minmay_pentomino_v2
D:2:      layout_basic, first_ration
D:3:      layout_basic, serial_glass, glass_columns_a, glass_columns_c
D:4:      kennysheep_slugbush, layout_loops_ring,
          gammafunk_ghost_abyssal_escape, minmay_quadrilaterals, uniq_duvessa,
          uniq_edmund
D:5:      layout_cave_pools, serial_bayou_pond_a, lemuel_statue_altar
D:6:      layout_gridville, minmay_temple_entry_oklob, basic_altar,
          uniq_menkaure, uniq_maggie
D:7:      layout_basic, the_bakery, minmay_misc_feat_pillars,
          lemuel_mausoleum_altar_kikubaaqudgha
D:8:      layout_loops_ring, enter_ossuary_4, serial_shops, shop, serial_ice,
          serial_ice_m, serial_ice_g, serial_ice_e, serial_ice_j, serial_ice_h,
          serial_ice_d, serial_ice_f, serial_ice_n, mrwooster_statue_mirror,
          trog_wizard, uniq_maurice, uniq_joseph
D:9:      layout_big_octagon, nicolae_overflow_crystal_walls, hiddenorc1_lemuel,
          serial_undead, serial_undead_e, serial_undead_b, serial_undead_e,
          serial_undead_d, serial_undead_d, gammafunk_ghost_grave, serial_shops,
          kennysheep_mini_moat, shop, nicolae_shop_crystal, shop, uniq_harold,
          uniq_erica, uniq_pikel
D:10:     layout_gridville, lair_entry_dummy, minivault_8, uniq_sonja,
          uniq_snorg, uniq_fannar
Temple:   regret_index_temple_sigil_plot
Lair:1:   layout_cave_pods, gammafunk_ghost_split
Lair:2:   mu_elephants_graveyard, layout_misc_corridors
Lair:3:   layout_cave_pods, skrybe_swamp_entry_bodies,
          nicolae_volcano_entry_vermiform, chequers_serial_rivers_small_b
Lair:4:   layout_regular_city, minmay_snake_entry_guardpost_small,
          grunt_megastairs_5, uniq_rupert
Lair:5:   beast_lair_carwin_large_2, layout_small_grid, slime_altar_1,
          gauntlet_entry_generic, serial_bayou_shore_a
Lair:6:   due_jungle_book, layout_loops_ring, uniq_josephine
Orc:1:    layout_diamond_mine, serial_shops, nicolae_shop_stone
Orc:2:    grunt_orc_cross, layout_caves

Skill      XL: |  1  2  3  4  5  6  7  8  9 10 11 12 13 14 |
---------------+-------------------------------------------+-----
Fighting       | 3 4 5 7 8 10 11 13 | 13.9
Axes           | 3 4 5 6 7 9 11 12 | 12.5
Armour         | 5 7 8 9 |  9.9
Shields        | 4 6 9 10 | 10.9
Evocations     | 5 6 |  6.4
Short Blades   | 6 |  6.8
Dodging        | 3 7 8 |  8.4
Polearms       | 6 |  6.0

Action                   |  1- 3 |  4- 6 |  7- 9 | 10-12 | 13-15 || total
-------------------------+-------+-------+-------+-------+-------++-------
Melee: War axe           |    79 |   194 |   298 |   576 |   262 ||  1409
       Flail             |       |       |   133 |       |       ||   133
       Demon whip        |       |       |       |     4 |       ||     4
       Dagger            |       |       |       |   303 |   109 ||   412
       Halberd           |       |       |       |       |   568 ||   568
       Glaive            |       |       |       |       |    21 ||    21
Throw: Dart              |       |       |     6 |    10 |       ||    16
Invok: Potion Petition   |       |       |       |     3 |     2 ||     5
       Call Merchant     |       |       |       |       |     1 ||     1
 Abil: Heal Wounds       |       |     3 |    13 |    19 |    21 ||    56
Evoke: Wand              |       |       |       |    15 |    30 ||    45
       Lightning rod     |       |       |       |       |     2 ||     2
  Use: Potion            |       |     4 |     4 |     4 |     9 ||    21
       Scroll            |       |     3 |    11 |    11 |    16 ||    41
 Stab: Distracted        |       |       |       |     3 |     3 ||     6
       Invisible         |       |       |       |     5 |       ||     5
       Paralysed         |       |       |       |     1 |       ||     1
  Eat: Chunk             |       |     5 |     6 |     2 |       ||    13
       Ration            |       |       |     2 |     5 |     8 ||    15
Armor: Scale mail        |    34 |    64 |   145 |    29 |       ||   272
       Skin              |       |    16 |       |       |       ||    16
       Swamp dragon scal |       |       |       |   316 |    34 ||   350
       Chain mail        |       |       |       |       |   418 ||   418
       Plate armour      |       |       |       |       |     8 ||     8
Dodge: Dodged            |    25 |    63 |    89 |   227 |   455 ||   859
       Deflected         |       |       |       |       |     2 ||     2
Block: Kite shield       |    31 |   105 |   192 |   421 |   161 ||   910

Table legend:
 A = Non-vault XP
 B = Vault XP
 C = Vault XP percentage of total XP
 D = Non-vault monster count
 E = Vault monster count
 F = Vault count percentage of total count
                 A         B        C        D         E       F
            +---------+---------+-------+---------+---------+-------
      Total |   58372 |   34746 |  37.3 |     407 |     178 |  30.4
            +---------+---------+-------+---------+---------+-------
        D:1 |      27 |       4 |  12.9 |      16 |       2 |  11.1
        D:2 |     123 |       0 |   0.0 |      21 |       0 |   0.0
        D:3 |     163 |       0 |   0.0 |      26 |       0 |   0.0
        D:4 |     476 |     610 |  56.2 |      17 |      14 |  45.2
        D:5 |     614 |       0 |   0.0 |      21 |       0 |   0.0
        D:6 |    1226 |     624 |  33.7 |      30 |       3 |   9.1
        D:7 |    1561 |    1220 |  43.9 |      37 |      13 |  26.0
        D:8 |    1855 |    2075 |  52.8 |      30 |      13 |  30.2
        D:9 |    2936 |    3678 |  55.6 |      25 |      28 |  52.8
       D:10 |     740 |       0 |   0.0 |       8 |       0 |   0.0
     Lair:1 |    4395 |    1977 |  31.0 |      17 |       4 |  19.0
     Lair:2 |    4977 |    8611 |  63.4 |      21 |      17 |  44.7
     Lair:3 |    3788 |    1218 |  24.3 |      15 |       3 |  16.7
     Lair:4 |    5133 |    3422 |  40.0 |      21 |       4 |  16.0
     Lair:5 |    9953 |    2287 |  18.7 |      42 |       7 |  14.3
     Lair:6 |   18630 |    3712 |  16.6 |      42 |       8 |  16.0
      Orc:1 |    1775 |       0 |   0.0 |      18 |       0 |   0.0
    Ossuary |       0 |     119 | 100.0 |       0 |      49 | 100.0
    Volcano |       0 |    2897 | 100.0 |       0 |       8 | 100.0
   Gauntlet |       0 |    2292 | 100.0 |       0 |       5 | 100.0
            +---------+---------+-------+---------+---------+-------
